 Dungeon Crawl Stone Soup version 0.31-a0-187-gba352fbbf7 (webtiles) character file.

Game seed: 8316005147834733769

242 qw the Skirmisher (level 5, -7/29 HPs)
             Began as a Deep Elf Hunter on June 22, 2023.
             Mangled by Duvessa
             ... wielding a +0 short sword
              (14 damage)
             ... on level 4 of the Dungeon.
             The game lasted 00:00:47 (2604 turns).

qw the Skirmisher (Deep Elf Hunter)                 Turns: 2604, Time: 00:00:48

Health: -7/29      AC:  9    Str: 10    XL:     5   Next: 82%
Magic:  7/7        EV: 11    Int: 14    God:
Gold:   180        SH:  0    Dex: 18    Spells: 4/4 levels left

rFire   . . .        d - +2 hand crossbow (heavy)
rCold   . . .        (no shield)
rNeg    . . .        e - +0 ring mail
rPois   .            g - +1 helmet
rElec   .            j - +0 cloak
rCorr   .            (no gloves)
SInv    .            b - +0 pair of boots
Will    .....        (no amulet)
Stlth   +            (no ring)
HPRegen 0.24/turn    (no ring)
MPRegen 0.10/turn

%: no passive effects
@: about to teleport
A: no striking features
a: no special abilities


You were on level 4 of the Dungeon.
You visited 1 branch of the dungeon, and saw 4 of its levels.

You collected 180 gold pieces.


   Skills:
 + Level 1.5 Fighting
 - Level 9.2 Ranged Weapons
 - Level 1.0 Armour
 - Level 2.4 Dodging
 - Level 1.2 Stealth


You had 4 spell levels left.
You didn't know any spells.
Your spell library was empty.

Inventory:

Hand Weapons
 d - a +2 heavy hand crossbow (weapon)
Armour
 b - a +0 pair of boots (worn)
 e - a +0 ring mail (worn)
 g - a +1 helmet (worn)
 j - a +0 cloak (worn)
Scrolls
 i - a scroll of teleportation
Potions
 a - a potion of ambrosia {unknown}
 c - a potion of degeneration {unknown}
 f - a potion of mutation {unknown}
 h - a potion of lignification {unknown}
 k - a potion of attraction {unknown}
 l - a potion of curing {unknown}
 m - a potion of berserk rage {unknown}

Dungeon Overview and Level Annotations

Branches:
Dungeon (4/15)
 Temple: D:4-7

Altars:

Annotations:
D:4 Duvessa


Message History

There is an open door here.
You open the door.
A ball python comes into view.
The ball python hisses angrily.
Enter note: You shoot a bolt.
The bolt hits the ball python.
The ball python is severely wounded.
You shoot a bolt. The bolt hits the ball python.
You kill the ball python!
There is an open door here.
m - a fuming clear potion
Enter note: You open the door.
There is an open door here.
Duvessa and Dowan come into view.
Duvessa is wielding a +0 short sword and wearing a +1 leather armour of cold resistance.
Dowan shouts!
Enter note: You shoot a bolt.
Duvessa shouts!
The bolt hits Dowan!
Dowan is severely wounded.
You shoot a bolt. The bolt hits Dowan!!!
You kill Dowan!
Duvessa weeps, and shakes her weapon.
Duvessa goes berserk!
Your Ranged Weapons skill increases to level 9!
You shoot a bolt. The bolt hits Duvessa.
Duvessa is lightly wounded.
Duvessa hits you with a +0 short sword. Duvessa closely misses you.
Duvessa hits you with a +0 short sword.
You shoot a bolt. The bolt hits Duvessa.
Duvessa is lightly wounded.
Duvessa hits you with a +0 short sword. Duvessa hits you but does no damage.
Duvessa closely misses you. Duvessa hits you with a +0 short sword!
2604 ||| READING 2 scrolls of teleportation.
As you read the scroll of teleportation, it crumbles to dust.
You feel strangely unstable. Duvessa hits you with a +0 short sword!
You die...

##.##........#######.<...
###....#####............
#....# #............
#....# #............
#....# #............
#....# #............
#....#####............
##.......######'##+###
#...@...# #..'.....
#...e...# #..#.....
#.......+ #..#.....
#.......# #..#.....
#.).....# +..#.....
#.......# ##.###..#
.....#+## ###.###'##
......# .........'
.........#


You could see Duvessa (berserk).

Vanquished Creatures
  Dowan (D:4)
  An orc priest (D:3)
  A hound (D:4)
  4 adders
  2 worms (D:3)
  2 dart slugs
  7 orcs (D:3)
  6 endoplasms
  5 giant cockroaches
  5 hobgoblins (D:3)
  4 jackals (D:1)
  2 quokkas
  10 ball pythons
  7 bats
  3 frilled lizards
  11 goblins
  4 kobolds
  7 rats
82 creatures vanquished.

Notes
Turn   | Place    | Note
-------+----------+-------------------------------------------
     0 | D:1      | qw the Deep Elf Hunter began the quest for the Orb.
     0 | D:1      | Reached XP level 1. HP: 12/12 MP: 3/3
     0 | D:1      | 0 ||| qw: Version: 0.3-a-9-g12657ce
     0 | D:1      | 0 ||| qw: Game counter: 2521
     0 | D:1      | 0 ||| qw: Always use a shield: true
     0 | D:1      | 0 ||| qw: God list: Okawaru
     0 | D:1      | 0 ||| qw: Allow faded altars: false
     0 | D:1      | 0 ||| qw: Do Orc after D:15 true
     0 | D:1      | 0 ||| qw: Do second Lair branch before Depths: true
     0 | D:1      | 0 ||| qw: Lair rune preference: random
     0 | D:1      | 0 ||| qw: Plans: Normal
     0 | D:1      | 0 ||| PLANNING D:1-11
   123 | D:1      | Reached skill level 6 in Ranged Weapons
   123 | D:1      | Reached XP level 2. HP: 15/16 MP: 4/4
   506 | D:1      | Found a faded altar of an unknown god.
   551 | D:1      | Reached XP level 3. HP: 20/20 MP: 5/5
   794 | D:1      | 794 ||| UPGRADING to +0 cloak.
   799 | D:1      | 799 ||| READING 3 scrolls labelled REVOCR COMUPP.
   800 | D:1      | 800 ||| READING 2 scrolls labelled KAURORGH QYROLE.
   801 | D:1      | 801 ||| READING scroll labelled XYIMEM ONUKE.
   801 | D:1      | Identified a scroll of acquirement
   801 | D:1      | 801 ||| ACQUIRING +2 heavy hand crossbow
   801 | D:1      | Acquired a +2 heavy hand crossbow
   803 | D:1      | 803 ||| SWAPPING to +2 heavy hand crossbow.
   804 | D:1      | 804 ||| DROPPING +0 shortbow.
   805 | D:1      | 805 ||| READING 2 scrolls labelled FOXTAR VOUS.
   806 | D:1      | 806 ||| READING scroll labelled FUNUAV VIJU.
   807 | D:1      | 807 ||| DROPPING 2 scrolls of revelation.
   808 | D:1      | 808 ||| DROPPING scroll of butterflies.
   809 | D:1      | 809 ||| DROPPING scroll of amnesia.
   810 | D:1      | 810 ||| DROPPING scroll of blinking.
   850 | D:2      | Reached skill level 7 in Ranged Weapons
  1006 | D:2      | Reached XP level 4. HP: 25/25 MP: 6/6
  1653 | D:2      | 1653 ||| UPGRADING to +0 ring mail.
  1663 | D:2      | 1663 ||| DROPPING +0 leather armour.
  1664 | D:2      | 1664 ||| READING scroll labelled NENOLUIS UCWO.
  1665 | D:2      | 1665 ||| READING scroll labelled BOINNO ZELIPP.
  1666 | D:2      | 1666 ||| READING 2 scrolls labelled NIAVOM RUOCRA.
  1888 | D:3      | Reached skill level 8 in Ranged Weapons
  1900 | D:3      | Reached XP level 5. HP: 20/29 MP: 7/7
  2475 | D:3      | 2475 ||| UPGRADING to +0 pair of boots.
  2480 | D:3      | 2480 ||| UPGRADING to +1 helmet.
  2485 | D:3      | 2485 ||| READING scroll labelled RUACOT FABLET.
  2555 | D:4      | Reached skill level 1 in Armour
  2599 | D:4      | Noticed Duvessa
  2599 | D:4      | Noticed Dowan
  2601 | D:4      | Killed Dowan
  2602 | D:4      | Reached skill level 9 in Ranged Weapons
  2603 | D:4      | HP: 7/29 [Duvessa/+0 short sword (11)]
  2604 | D:4      | 2604 ||| READING 2 scrolls of teleportation.
  2604 | D:4      | Mangled by Duvessa

Levels and vault maps discovered:
D:1:      dpeg_arrival_stone_temple_mockup, layout_basic,
          shapermc_ecumenical_altar_ellora, hangedman_decor_growths
D:2:      layout_loops_corners
D:3:      cheibrodos_greedy_goblins, layout_loops_ring,
          hangedman_decor_slide_cut, serial_park_tiny_1, st_stairs_2
D:4:      layout_gridville, serial_shops, shop, uniq_ijyb, uniq_duvessa

Skill      XL: |  1  2  3  4  5 |
---------------+----------------+-----
Ranged Weapons | 6 7 8 9 |  9.2
Armour         | 1 |  1.0
Fighting       | |  1.5
Dodging        | |  2.4
Stealth        | |  1.2

Action                     |  1- 3 |  4- 6 || total
---------------------------+-------+-------++-------
   Fire: Shortbow          |    63 |       ||    63
         Hand crossbow     |    10 |    64 ||    74
    Use: Scroll            |     5 |     5 ||    10
 Armour: Leather armour    |     1 |     3 ||     4
         Ring mail         |       |    25 ||    25
  Dodge: Dodged            |     6 |    31 ||    37

Table legend:
 A = Non-vault XP
 B = Vault XP
 C = Vault XP percentage of total XP
 D = Non-vault monster count
 E = Vault monster count
 F = Vault count percentage of total count
                 A         B        C        D         E       F
            +---------+---------+-------+---------+---------+-------
      Total |     258 |      89 |  25.6 |      70 |      12 |  14.6
            +---------+---------+-------+---------+---------+-------
        D:1 |      54 |       0 |   0.0 |      32 |       0 |   0.0
        D:2 |      58 |       0 |   0.0 |      13 |       0 |   0.0
        D:3 |     105 |      20 |  16.0 |      23 |      11 |  32.4
        D:4 |      41 |      69 |  62.7 |       2 |       1 |  33.3
            +---------+---------+-------+---------+---------+-------
